 Dungeon Crawl Stone Soup version 0.28-a0-724-g66f9036 (webtiles) character file.

Game seed: 14932385943024805281

6 NeededCrab the Cutter (level 1, -3/11 HPs)
             Began as a Vine Stalker Monk on Oct 26, 2021.
             Slain by a quokka (4 damage)
             ... on level 1 of the Dungeon.
             The game lasted 00:01:55 (692 turns).

NeededCrab the Cutter (Vine Stalker Monk)            Turns: 692, Time: 00:01:56

Health: -3/11      AC:  2    Str: 13    XL:     1   Next: 90%
Magic:  0/2        EV: 12    Int: 10    God:
Gold:   8          SH:  0    Dex: 16    Spells: 0/0 levels left

rFire   . . .      SeeInvis .   a - +0 short sword
rCold   . . .      Faith    .   (no shield)
rNeg    . . .      Spirit   +   d - +0 robe
rPois   .          Reflect  .   (no helmet)
rElec   .          Harm     .   (no cloak)
rCorr   .          Rampage  .   (no gloves)
Will    .....                   (no boots)
Stlth   ++........              (no amulet)
HPRegen 0.03/turn               (no ring)
MPRegen 0.08/turn               (no ring)

@: no status effects
A: fangs 2, magic shield, antimagic bite, no potion heal 2
a: no special abilities


You were on level 1 of the Dungeon.
You visited 1 branch of the dungeon, and saw 1 of its levels.

You collected 8 gold pieces.

Inventory:

Hand Weapons
 a - a +0 short sword (weapon)
 b - a +0 dagger
Armour
 d - a +0 robe (worn)
Scrolls
 e - a scroll of noise {unknown}
 f - a scroll of fear {unknown}
Potions
 c - 3 potions of curing {unknown}
 g - a potion of attraction {unknown}


   Skills:
 + Level 2.7 Fighting
 * Level 2.8 Short Blades
 - Level 2.4 Dodging
 * Level 2.8 Stealth


You couldn't memorise any spells.
You didn't know any spells.
Your spell library contained the following spells:

 Spells                   Type           Power      Damage    Failure   Level
 Ensorcelled Hibernation  Hex/Ice        0%         N/A       50%         2
 Spider Form              Tmut/Pois      0%         N/A       75%         3


Dungeon Overview and Level Annotations

Branches:
Dungeon (1/15)

Altars:


Innate Abilities, Weirdness & Mutations

You have extremely sharp teeth.
When hurt, damage is shared between your health and your magic reserves.
Your bite disrupts and absorbs the magic of your enemies.
Potions cannot restore your health.


Message History

You kill the quokka!
The ball python hisses angrily.
The ball python bites you. The ball python grabs you.
The ball python constricts you.
You completely miss the ball python. Your bite misses the ball python.
The ball python bites you. The ball python constricts you.
You hit the ball python.
The ball python is moderately wounded.
The ball python bites you but does no damage.
The ball python constricts you.
You closely miss the ball python. Your bite misses the ball python.
The ball python is moderately wounded.
The ball python bites you but does no damage.
The ball python constricts you.
You hit the ball python.
You kill the ball python!
You see here a ball python corpse.
You see here a ball python corpse.
There is a faded altar of an unknown god here.
You now have 8 gold pieces.
A quokka comes into view.
You see here a lumpy coppery potion.
g - a lumpy coppery potion An endoplasm comes into view.
Found a bubbling amethyst potion.
The endoplasm quivers.
The quokka misses you. The quokka closely misses you. The quokka bites you.
a - a +0 short sword (weapon)
You closely miss the quokka. Your bite misses the quokka. The quokka bites you.
You hit the quokka. Your bite misses the quokka.
The quokka is lightly wounded.
The quokka bites you.
* * * LOW HITPOINT WARNING * * *
The quokka bites you but does no damage.
You hit the quokka.
The quokka is heavily wounded.
The quokka bites you.
You die...

.........#
#...##.#.....#
####.#####
#.#†##.#.....#
#.....#
#.#.##.......#
#####.# #.#.#
#.....# #.# #.#.#
#.....# #.###.#.#
#.....#
#.......####.....#
######.8.8rJ.....#
##...@##.....#
#8.8.8...##+##
#..†_.......#
#8.8.8.8.####
###......#
#8...### ##...#
#####


You could see an endoplasm and a quokka.

Vanquished Creatures
  An endoplasm (D:1)
  A giant cockroach (D:1)
  A goblin (D:1)
  A quokka (D:1)
  A ball python (D:1)
5 creatures vanquished.

Notes
Turn   | Place    | Note
-------+----------+-------------------------------------------
     0 | D:1      | NeededCrab the Vine Stalker Monk began the quest for the
                  | Orb.
     0 | D:1      | Reached XP level 1. HP: 11/11 MP: 2/2
   495 | D:1      | Found a faded altar of an unknown god.
   692 | D:1      | Slain by a quokka

Illustrated notes

Levels and vault maps discovered:
D:1:      sevenhm_arrival_forest_fort_large_2, layout_basic,
          ebering_ecumenical_altar_ruins, serial_shops, shop,
          minmay_pentomino_p4

Action                   || total
-------------------------++-------
Melee: Short sword       ||     9
       Dagger            ||     6
       Bite              ||     4
 Stab: Sleeping          ||     2
Armor: Robe              ||     4
Dodge: Dodged            ||     4

Table legend: (Time is in decaauts)
 A = Elapsed time spent in this place.
 B = Non-inter-level travel time spent in this place.
 C = Inter-level travel time spent in this place.
 D = Time resting spent in this place.
 E = Time spent auto-exploring this place.
 F = Levels seen in this place.
 G = Mean time per level.
                   A        B        C        D        E       F      G
               +--------+--------+--------+--------+--------+-----+--------+
         Total |    688 |    688 |      0 |      0 |    598 |   1 |  688.0 |
       Dungeon |    688 |    688 |      0 |      0 |    598 |   1 |  688.0 |
               +--------+--------+--------+--------+--------+-----+--------+

Top non-repeatable levels by time:
     D:1: 688 daAuts
